 Dungeon Crawl Stone Soup version 0.27-a0-1500-g450c7e4133 (webtiles) character file.

Game seed: 3963784923568453785

176 lunkers the Insei (level 5, 0/38 HPs)
             Began as a Djinni Warper on July 7, 2021.
             Slain by an orc wizard (2 damage)
             ... on level 3 of the Dungeon.
             The game lasted 00:05:34 (4657 turns).

lunkers the Insei (Djinni Warper)                   Turns: 4657, Time: 00:05:35

Health: 0/38       AC:  3    Str: 11    XL:     5   Next: 86%
Gold:   22         EV: 11    Int: 14    God:
                   SH:  0    Dex: 13

rFire    + + .     SeeInvis .     - Unarmed
rCold    x . .     Faith    .   (no shield)
rNeg     . . .     Spirit   .   a - +0 leather armour
rPois    ∞         Reflect  .   (no helmet)
rElec    .         Harm     .   (no cloak)
rCorr    .         Rampage  .   (no gloves)
Will     .....                  (boots unavailable)
Stlth    +.........             (no amulet)
HPRegen  0.12/turn              (no ring)
MPRegen  0.00/turn              (no ring)

@: confused, brilliant, flying
A: sickness immunity, fire resistance 2, cold vulnerability 1, float, innate
caster, hp casting, extra vitality 1
a: no special abilities


You were on level 3 of the Dungeon.
You visited 1 branch of the dungeon, and saw 3 of its levels.

You collected 22 gold pieces.

Inventory:

Missiles
 c - 3 boomerangs of dispersal
 j - a throwing net
Armour
 a - a +0 leather armour (worn)
Jewellery
 g - a ring of fire
Scrolls
 b - a scroll of blinking
 d - 2 scrolls of immolation {unknown}
 h - a scroll of identify {unknown}
 i - a scroll of noise {unknown}
Potions
 e - a potion of brilliance
 f - a potion of degeneration {unknown}
 k - a potion of lignification {unknown}


   Skills:
 - Level 2.0 Fighting
 - Level 0.7 Throwing
 - Level 1.0 Armour
 - Level 2.1 Dodging
 * Level 4.7 Unarmed Combat
 + Level 3.3 Spellcasting


You couldn't memorise any spells.
You knew the following spells:

 Your Spells              Type           Power      Damage    Failure   Level
b - Lesser Beckoning      Tloc           8%         N/A       22%         3
c - Gell's Gravitas       Tloc           8%         N/A       22%         3
d - Teleport Other        Tloc           17%        N/A       22%         3
e - Manifold Assault      Tloc           17%        N/A       89%         5
p - Blink                 Tloc           N/A        N/A       11%         2
q - Summon Small Mammal   Summ           68%        N/A       7%          1
w - Ensorcelled Hibernat  Hex/Ice        34%        N/A       11%         2
Your spell library was empty.

Dungeon Overview and Level Annotations

Branches:
Dungeon (3/15)

Altars:
Hepliaklqana


Innate Abilities, Weirdness & Mutations

You are immune to sickness and miasma.
You are immune to poison.
Your flesh is very heat resistant. (rF++)
You are vulnerable to cold. (rC-)
You float through the air rather than walking.
You learn spells naturally, not from books.
Your magical power is your life essence.
You have superior vitality. (+4 HP)


Message History

You hit something. Your punch misses something.
An orc wizard appears from thin air!
Reactivating autopickup.
The orc wizard gestures at you while chanting.
You are confused.
You bump into the rock wall.
The orc wizard hits you but does no damage.
Unknown command.
You bump into the rock wall.
The orc wizard casts a spell at you.
You are more confused.
You closely miss the orc wizard.
The orc wizard is heavily wounded.
The orc wizard hits you with a +0 dagger.
* * * LOW HITPOINT WARNING * * *
You miss the orc wizard.
The orc wizard is heavily wounded.
The orc wizard completely misses you.
You closely miss the orc wizard.
The orc wizard is heavily wounded.
The orc wizard hits you with a +0 dagger.
* * * LOW HITPOINT WARNING * * *
You miss the orc wizard. Your punch misses the orc wizard.
The orc wizard is heavily wounded.
The orc wizard barely misses you.
You barely miss the orc wizard.
The orc wizard is heavily wounded.
The orc wizard hits you with a +0 dagger.
* * * LOW HITPOINT WARNING * * *
You bump into the rock wall.
The orc wizard hits you with a +0 dagger.
* * * LOW HITPOINT WARNING * * *
You closely miss the orc wizard.
The orc wizard is heavily wounded.
The orc wizard barely misses you.
You are too confused!
Unknown command.
You bump into the rock wall.
The orc wizard hits you with a +0 dagger.
You die...

#.#.# #.#.#
#.#.###.#
#.......#
###.##### #o# #o#
.########## #o#
......†...# #@#
.########.# #.#
#.# #.#
###########.###.#
#...............#
####.######.##..#
#.######.##..#
#....(....#..#
#.######.##..#


You could see an orc wizard and 2 orcs.

Vanquished Creatures
  An orc priest (D:3)
  6 adders
  A river rat (D:3)
  2 worms (D:3)
  A dart slug (D:3)
  5 orcs
  2 ball pythons (D:2)
  5 endoplasms
  A giant cockroach (D:1)
  9 goblins
  4 hobgoblins
  8 jackals
  3 kobolds (D:1)
  2 quokkas
  4 bats
  2 frilled lizards (D:1)
  9 rats
  A spectral kobold (D:1)
66 creatures vanquished.

Notes
Turn   | Place    | Note
-------+----------+-------------------------------------------
     0 | D:1      | lunkers the Djinni Warper began the quest for the Orb.
     0 | D:1      | Reached XP level 1. HP: 18/18 MP: 0/0
   220 | D:1      | Reached XP level 2. HP: 10/23 MP: 0/0
  1205 | D:1      | Found a faded altar of an unknown god.
  1335 | D:1      | Reached XP level 3. HP: 14/28 MP: 0/0
  1335 | D:1      | Learned a level 1 spell: Summon Small Mammal
  1339 | D:1      | Reached skill level 3 in Unarmed Combat
  2034 | D:2      | Found a hazy altar of Hepliaklqana.
  2372 | D:2      | Reached XP level 4. HP: 19/33 MP: 0/0
  3205 | D:3      | Reached skill level 4 in Unarmed Combat
  3333 | D:3      | Reached XP level 5. HP: 28/38 MP: 0/0
  3333 | D:3      | Learned a level 2 spell: Ensorcelled Hibernation
  4657 | D:3      | Slain by an orc wizard

Illustrated notes

Levels and vault maps discovered:
D:1:      nicolae_arrival_somewhat_less_tricky_arrival, layout_loops_corners,
          dreamdust_ecumenical_altar_drowned_temple, st_stairs_4
D:2:      layout_rooms, basic_altar
D:3:      layout_basic, portal_sewer_entry_b

Skill      XL: |  1  2  3  4 |
---------------+-------------+-----
Unarmed Combat | 3 4 |  4.7
Spellcasting   | 3 |  3.3
Fighting       | |  2.0
Throwing       | |  0.7
Armour         | |  1.0
Dodging        | |  2.1

Action                   |  1- 3 |  4- 6 || total
-------------------------+-------+-------++-------
Melee: Unarmed           |   170 |   198 ||   368
       Punch             |       |     2 ||     2
Throw: Boomerang         |     2 |       ||     2
  Use: Potion            |       |     1 ||     1
 Stab: Sleeping          |     1 |       ||     1
Armor: Leather armour    |    54 |    36 ||    90
Dodge: Dodged            |   122 |    91 ||   213

Table legend: (Time is in decaauts)
 A = Elapsed time spent in this place.
 B = Non-inter-level travel time spent in this place.
 C = Inter-level travel time spent in this place.
 D = Time resting spent in this place.
 E = Time spent auto-exploring this place.
 F = Levels seen in this place.
 G = Mean time per level.
                   A        B        C        D        E       F      G
               +--------+--------+--------+--------+--------+-----+--------+
         Total |   4635 |   4586 |     49 |   1239 |   2629 |   3 | 1545.0 |
       Dungeon |   4635 |   4586 |     49 |   1239 |   2629 |   3 | 1545.0 |
               +--------+--------+--------+--------+--------+-----+--------+

Top non-repeatable levels by time:
     D:1: 2154 daAuts
     D:3: 1369 daAuts
     D:2: 1111 daAuts
